 Dungeon Crawl Stone Soup version 0.20-a0-1000-g0e8f6bb (webtiles) character file.

25 MTVSty1e the Insei (level 3, -7/30 HPs)
             Began as a Bultungin Transmuter on Apr 12, 2017.
             Mangled by a worm (9 damage)
             ... on level 2 of the Dungeon.
             The game lasted 00:02:29 (995 turns).

MTVSty1e the Insei (Bultungin Transmuter)            Turns: 995, Time: 00:02:29

Health: -7/30      AC:  2    Str:  9    XL:     3   Next: 6%
Magic:  7/7        EV: 13    Int: 13    God:
Gold:   19         SH:  0    Dex: 15    Spells: 7/8 levels left

rFire    . . .     SeeInvis +   e - +0 dagger
rCold    . . .     Gourm    .   (no shield)
rNeg     . . .     Faith    .   b - +0 robe
rPois    .         Spirit   .   (no helmet)
rElec    .         Reflect  .   (no cloak)
rCorr    .         Harm     .   (no gloves)
MR       .....                  (boots currently unavailable)
Stlth    +.........             (no amulet)
Regen    0.1/turn               (no ring)
MPRegen  0.1/turn               (no ring)

@: appendage
A: short attention span, fangs 1, talons 3, see invisible, strong nose
a: End Transformation


You were on level 2 of the Dungeon.
You were not hungry.
You had grown temporary talons.
You visited 1 branch of the dungeon, and saw 2 of its levels.

You collected 19 gold pieces.

Inventory:

Hand Weapons
 e - a +0 dagger (weapon)
Armour
 b - a +0 robe (worn)
Scrolls
 a - a scroll of fog {unknown}
 f - 2 scrolls of remove curse {unknown}
 h - a scroll of identify {unknown}
 j - a scroll of blinking {unknown}
Potions
 g - a potion of flight {unknown}
 i - a potion of haste {unknown}
Books
 c - a book of Changes

   Spells                             Type                      Level
   a - Beastly Appendage              Transmutation                1
   b - Sticks to Snakes               Transmutation                2
   c - Spider Form                    Transmutation/Poison         3
   d - Ice Form                       Ice/Transmutation            4
   e - Blade Hands                    Transmutation                5
Comestibles
 d - a bread ration


   Skills:
 * Level 4.3 Fighting
 - Level 3.0 Dodging
 - Level 4.4 Unarmed Combat
 - Level 3.2 Spellcasting
 - Level 3.0 Transmutations


You had 7 spell levels left.
You knew the following spells:

 Your Spells              Type           Power        Failure   Level  Hunger
a - Beastly Appendage     Tmut           #.....       10%         1    #......


Dungeon Overview and Level Annotations

Branches:
Dungeon (2/15)

Altars:
Qazlal
Xom


Innate Abilities, Weirdness & Mutations

You have a short attention span.
You have very sharp teeth.
You have supernaturally acute eyesight. (SInv)
Your uncanny sense of smell can sniff out nearby items.
You have claws for feet.


Message History

You barely miss the worm. You claw the worm.
You bite the worm, but do no damage.
The worm is heavily wounded.
The worm bites you!
* * * LOW HITPOINT WARNING * * *
You hit the worm. You claw the worm, but do no damage.
The worm is heavily wounded.
You hit the worm. You claw the worm.
The worm is severely wounded.
The worm bites you.
* * * LOW HITPOINT WARNING * * *
You hit the worm.
The worm is severely wounded.
The worm barely misses you.
You hit the worm.
The worm is severely wounded.
You hit the worm but do no damage. Your bite misses the worm.
The worm is severely wounded.
The worm bites you!
You die...

#### #... #.$# #
#..###. #.....
#...# #####w..#
#....@..##
###.#......# #
...........#.#
###.#......#.#
.###.#........#
............###
.....#....†.###.#
>###.##.#.......#
. #.#.########.


You could see a worm.

Vanquished Creatures
  A dart slug (D:1)
  A leopard gecko (D:2)
  2 bats (D:1)
  A giant cockroach (D:1)
  3 goblins (D:1)
  2 hobgoblins (D:1)
  3 kobolds (D:1)
  A frilled lizard (D:1)
  8 rats (D:1)
22 creatures vanquished.

Notes
Turn   | Place    | Note
-------+----------+-------------------------------------------
     0 | D:1      | MTVSty1e the Bultungin Transmuter began the quest for the Orb.
     0 | D:1      | Reached XP level 1. HP: 15/15 MP: 4/4
   156 | D:1      | Reached XP level 2. HP: 16/24 MP: 6/6
   633 | D:1      | Found a shimmering altar of Xom.
   889 | D:1      | Reached XP level 3. HP: 24/30 MP: 7/7
   951 | D:2      | Found a stormy altar of Qazlal.
   992 | D:2      | HP: 1/30 [worm (2)]
   995 | D:2      | Mangled by a worm

Vault maps used:
D:1:      sevenhm_arrival_forest_fort_large_1, kennysheep_nondescript,
          xom_teletrap_fun
D:2:      old_standard_altar, first_bread

Skill      XL: |  1  2 |
---------------+-------+-----
Fighting       | 3 4 |  4.3
Dodging        | |  3.0
Unarmed Combat | |  4.4
Spellcasting   | |  3.2
Transmutations | |  3.0

Action                   || total
-------------------------++-------
Melee: Dagger            ||   120
       Unarmed           ||     3
       Bite              ||    16
       Punch             ||     1
       Kick              ||     5
 Cast: Beastly Appendage ||     1
 Stab: Sleeping          ||     2
Armor: Robe              ||    16
Dodge: Dodged            ||    89
